 Dungeon Crawl Stone Soup version 0.29-a0-371-g91724d5b39 (webtiles) character file.

Game seed: 14273440564747734856

23 Hubjo the Firebug (level 2, 0/14 HPs)
             Began as a Deep Elf Fire Elementalist on May 2, 2022.
             Was a Follower of Hepliaklqana.
             Slain by a kobold
             ... wielding a +0 short sword
              (3 damage)
             ... on level 2 of the Dungeon.
             The game lasted 00:01:30 (1493 turns).

Hubjo the Firebug (Deep Elf Fire Elementalist)      Turns: 1493, Time: 00:01:30

Health: 0/14       AC:  5    Str:  5    XL:     2   Next: 75%
Magic:  8/8        EV: 12    Int: 19    God:    Hepliaklqana [*.....]
Gold:   43         SH:  0    Dex: 15    Spells: 6/7 levels left

rFire   . . .      SeeInvis .   f - +0 dagger
rCold   . . .      Faith    .   (no shield)
rNeg    . . .      Spirit   .   a - +0 robe
rPois   .          Reflect  .   (no helmet)
rElec   .          Harm     .   d - +2 cloak {Will+}
rCorr   .          Rampage  .   (no gloves)
Will    +....                   (no boots)
Stlth   ++........              (no amulet)
HPRegen 0.04/turn               (no ring)
MPRegen 0.11/turn               (no ring)

@: no status effects
A: reduced essence
a: Renounce Religion, Recall Ancestor, Ancestor Identity


You were on level 2 of the Dungeon.
You worshipped Hepliaklqana.
Hepliaklqana was aware of your devotion.
You visited 1 branch of the dungeon, and saw 2 of its levels.

You collected 43 gold pieces.

Inventory:

Hand Weapons
 f - a +0 dagger (weapon)
Armour
 a - a +0 robe (worn)
 d - a +2 cloak of willpower (worn)
Scrolls
 c - a scroll of fog {unknown}
 e - a scroll of identify {unknown}
Potions
 b - a potion of magic


   Skills:
 * Level 1.1 Fighting
 - Level 2.4 Dodging
 + Level 2.9 Stealth
 + Level 3.3 Spellcasting
 - Level 1.1 Conjurations
 + Level 3.5 Fire Magic


You had 6 spell levels left.
You knew the following spells:

 Your Spells              Type           Power      Damage    Failure   Level
a - Foxfire               Conj/Fire      48%        2x1d6     5%          1

Your spell library contained the following spells:

 Spells                   Type           Power      Damage    Failure   Level
 Scorch                   Fire           32%        2d6       5%          2
 Conjure Flame            Conj/Fire      12%        6-21      17%         3
 Inner Flame              Hex/Fire       9%         N/A       22%         3
 Flame Wave               Conj/Fire      12%        2d6       50%         4


Dungeon Overview and Level Annotations

Branches:
Dungeon (2/15)

Altars:
Hepliaklqana


Message History

Shatamurrim hits the endoplasm.
The endoplasm misses Shatamurrim.
Shatamurrim hits the endoplasm.
The endoplasm dies!
A kobold comes into view. It is wielding a +0 short sword.
Found a stone staircase leading down.
A kobold is nearby!
A kobold is nearby!
A kobold is nearby!
A kobold is nearby!
The kobold throws a stone.
The stone hits you.
The kobold throws a stone.
The stone hits Shatamurrim.
The kobold hits Shatamurrim with a +0 short sword.
Shatamurrim is destroyed!
The kobold throws a stone.
The stone hits you but does no damage.
A giant cockroach comes into view.
The kobold throws a stone.
The stone hits you but does no damage.
The kobold throws a stone.
The stone closely misses you.
The kobold hits you with a +0 short sword.
The kobold misses you. The kobold hits you but does no damage.
The kobold hits you with a +0 short sword.
The kobold hits you but does no damage. The kobold closely misses you.
The kobold misses you. The kobold hits you but does no damage.
The kobold hits you but does no damage. The kobold closely misses you.
The kobold closely misses you. The kobold closely misses you.
The kobold misses you. The kobold barely misses you.
The kobold hits you but does no damage. The kobold barely misses you.
The kobold hits you with a +0 short sword.
The kobold closely misses you. The kobold barely misses you.
The kobold hits you with a +0 short sword.
* * * LOW HITPOINT WARNING * * *
The kobold hits you with a +0 short sword.
You die...

### ..# #.#
##.## #...#
###...###
###.......#.#
#.......@...#
#.##(...K<.#.#
#..............
##..##..###.#..
#... .... ..
..........? .#
.... ...... #
>.....#


You could see a kobold.

Vanquished Creatures
  A dart slug (D:1)
  2 ball pythons (D:1)
  3 endoplasms (D:1)
  2 giant cockroaches (D:1)
  A goblin (D:1)
  2 hobgoblins (D:1)
  A bat (D:1)
  4 frilled lizards (D:1)
  A rat (D:1)
17 creatures vanquished.

Vanquished Creatures (collateral kills)
  An endoplasm (D:2)
  A frilled lizard (D:2)
  A rat (D:2)
  A foxfire (D:1)
4 creatures vanquished.

Vanquished Creatures (others)
  An ancestor (D:2)
  109 foxfires (D:1)
110 creatures vanquished.

Grand Total: 131 creatures vanquished

Notes
Turn   | Place    | Note
-------+----------+-------------------------------------------
     0 | D:1      | Hubjo the Deep Elf Fire Elementalist began the quest for
                  | the Orb.
     0 | D:1      | Reached XP level 1. HP: 10/10 MP: 6/6
   514 | D:1      | Reached XP level 2. HP: 16/16 MP: 2/8
   991 | D:1      | Reached skill level 1 in Fighting
  1168 | D:1      | Found a faded altar of an unknown god.
  1283 | D:1      | Prayed at the altar of an unknown god.
  1283 | D:1      | Became a worshipper of Hepliaklqana the Forgotten
  1283 | D:1      | Reached * piety under Hepliaklqana
  1493 | D:2      | Slain by a kobold

Illustrated notes

Levels and vault maps discovered:
D:1:      dpeg_arrival_fog, layout_basic,
          hellmonk_ecumenical_altar_pennies_from_heaven,
          dreamdust_princess_corridor, minmay_3d_cube
D:2:      minmay_inner_zag, layout_loops_ring, st_stairs_5, kennysheep_doodads,
          serial_bayou_pond_c

Skill      XL: |  1  2 |
---------------+-------+-----
Fighting       | 1 |  1.1
Dodging        | |  2.4
Stealth        | |  2.9
Spellcasting   | |  3.3
Conjurations   | |  1.1
Fire Magic     | |  3.5

Action                   || total
-------------------------++-------
Melee: Dagger            ||     7
 Cast: Foxfire           ||    70
Armor: Robe              ||    16
Dodge: Dodged            ||    24

Table legend: (Time is in decaauts)
 A = Elapsed time spent in this place.
 B = Non-inter-level travel time spent in this place.
 C = Inter-level travel time spent in this place.
 D = Time resting spent in this place.
 E = Time spent auto-exploring this place.
 F = Levels seen in this place.
 G = Mean time per level.
                   A        B        C        D        E       F      G
               +--------+--------+--------+--------+--------+-----+--------+
         Total |   1495 |   1414 |     81 |      0 |   1109 |   2 |  747.5 |
       Dungeon |   1495 |   1414 |     81 |      0 |   1109 |   2 |  747.5 |
               +--------+--------+--------+--------+--------+-----+--------+

Top non-repeatable levels by time:
     D:1: 1410 daAuts
     D:2: 85 daAuts
